Map: Catalyst LE

Players

CinDra - Winner!

  • Race: Protoss Protoss
  • Spawn Location: 11:00

A.I. 1 (Very Easy)

  • Race: Zerg Zerg
  • Spawn Location: 5:00

VOD

Have the link to the VOD?

Description

Time

  • Played on: Jan. 18, 2018, 10:40 p.m.
  • Length: 12:02
Show
View Real Time Build Order
Export as new Build Order

CinDra Protoss - Winner!

Build Orders: 1 Gate Expand 

Get SALT Encoding   

  12  0:01  Probe (Chrono Boost)  
  13  0:12  Probe (Chrono Boost)  
  14  0:17  Probe (Chrono Boost)  
  15  0:30  Pylon  
  15  0:48  Probe  
  16  0:55  Gateway  
  16  1:02  Probe (Chrono Boost)  
  18  1:11  Probe (Chrono Boost)  
  18  1:16  Probe (Chrono Boost)  
  18  1:25  Nexus  
  19  1:28  Probe  
  20  1:39  Assimilator  
  20  1:40  Probe  
  21  1:52  Cybernetics Core  
  21  1:55  Probe (Chrono Boost)  
  21  2:03  Pylon  
  21  2:06  Pylon  
  21  2:07  Probe (Chrono Boost)  
  23  2:16  Probe (Chrono Boost)  
  23  2:21  Zealot  
  25  2:23  Probe  
  25  2:28  Assimilator  
  26  2:36  Warp Gate (Chrono Boost)  
  27  2:38  Probe (Chrono Boost)  
  27  2:39  Probe (Chrono Boost)  
  28  2:48  Probe (Chrono Boost)  
  28  2:51  Probe (Chrono Boost)  
  30  2:53  Adept  
  30  2:55  Gateway  
  32  2:58  Probe  
  32  2:59  Probe  
  34  3:10  Probe  
  35  3:15  Probe  
  35  3:17  Robotics Facility  
  36  3:21  Pylon  
  36  3:23  Probe  
  36  3:26  Adept  
  39  3:27  Probe  
  40  3:35  Probe  
  40  3:39  Probe  
  42  3:47  Probe  
  42  3:48  Assimilator  
  43  3:50  Assimilator  
  43  3:52  Probe  
  44  3:59  Probe  
  45  4:04  Probe, Observer  
  47  4:11  Probe, Adept  
  47  4:12  Adept  
  47  4:16  Probe  
  54  4:24  Probe  
  54  4:28  Probe  
  55  4:37  Probe  
  56  4:38  Immortal (Chrono Boost)  
  60  5:01  Gateway x2  
  60  5:04  Gateway  
  60  5:06  Pylon  
  60  5:11  Pylon  
  60  5:14  Pylon  
  60  5:32  Immortal  
  60  5:35  Adept x2  
  68  5:56  Adept x3  
  74  5:57  Adept  
  76  6:09  Gateway  
  76  6:10  Gateway  
  76  6:12  Gateway  
  76  6:14  Gateway  
  76  6:26  Adept x4  
  76  6:27  Adept  
  76  6:32  Nexus  
  86  6:37  Pylon  
  86  6:39  Pylon  
  86  6:48  Pylon  
  86  6:52  Pylon  
  86  6:55  Probe x2  
  86  7:01  Forge  
  88  7:02  Forge  
  88  7:08  Probe x2  
  90  7:14  Pylon  
  90  7:16  Pylon  
  90  7:24  Adept x3  
  90  7:25  Adept x2  
  100  7:41  Immortal  
  104  7:48  Protoss Ground Armor Level 1, Protoss Ground Weapons Level 1  
  104  7:49  Probe x2  
  104  7:50  Probe  
  107  8:01  Probe  
  107  8:05  Probe x2  
  110  8:13  Probe, Assimilator  
  110  8:17  Probe x2, Assimilator  
  113  8:20  Immortal  
  117  9:06  Probe x3  
  120  9:18  Probe x2  
  122  9:24  Adept  
  122  9:25  Adept x4  
  122  9:26  Adept x2  
  122  9:27  Adept x2  
  140  9:31  Immortal  
  144  9:50  Pylon  
  144  9:52  Pylon  
  144  9:53  Pylon  
  144  9:54  Pylon x2  
  144  9:56  Pylon  
  144  10:03  Gateway  
  144  10:04  Gateway  
  144  10:10  Twilight Council  
  144  10:13  Adept  
  146  10:14  Adept x3  
  146  10:15  Adept x2  
  146  10:16  Adept x3  
  146  10:20  Pylon  
  161  10:52  Adept  
  161  10:53  Adept x4  
  161  10:54  Adept x2  
  173  11:21  Adept x4  
  173  11:22  Adept x4  
  173  11:23  Adept  
  191  11:46  Adept  
  191  11:47  Adept x3  
Show
View Real Time Build Order
Export as new Build Order

A.I. 1 (Very Easy) Zerg 

Build Orders: Pool First 

Get SALT Encoding   

  12  0:01  Drone  
  13  0:12  Overlord  
  13  0:17  Drone  
  14  0:35  Spawning Pool  
  13  0:37  Drone  
  13  0:40  Extractor  
  13  0:45  Drone  
  14  0:51  Overlord  
  14  1:22  Zergling x2  
  14  1:23  Queen  
  17  1:31  Roach Warren  
  16  1:33  Extractor  
  16  1:37  Drone  
  16  1:44  Drone  
  17  1:48  Zergling x2  
  18  2:04  Drone  
  19  2:11  Drone  
  19  2:15  Zergling x2  
  21  2:20  Drone  
  22  2:30  Overlord  
  22  2:35  Drone  
  23  2:41  Roach  
  23  2:42  Drone  
  26  2:49  Drone  
  27  7:12  Drone  
  27  7:13  Lair, Roach  
  27  7:14  Overlord  
  30  7:19  Drone  
  30  7:21  Hatchery  
  30  7:26  Drone  
  31  7:33  Drone  
  32  7:40  Drone  
  33  7:48  Drone  
  31  7:52  Roach  
  31  8:10  Overseer  
  31  8:13  Overseer  
  31  8:30  Zergling x2  
  32  8:34  Drone  
  33  8:41  Drone  
  33  8:45  Extractor  
  33  8:47  Extractor  
  32  8:48  Drone  
  33  8:56  Drone  
  34  9:03  Drone  
  34  9:09  Roach  
  37  9:10  Drone  
  38  9:17  Drone  
  39  9:24  Drone  
  40  9:32  Drone  
  41  9:39  Drone  
  42  9:46  Drone  
  43  9:53  Drone  
  44  10:00  Drone  
  44  10:02  Overlord  
  45  10:08  Drone  
  46  10:15  Drone  
  47  10:22  Drone  
  48  10:30  Drone  
  49  10:56  Roach  
  44  11:09  Drone  
  36  11:16  Drone  
  26  11:23  Drone  
  27  11:31  Drone  
  25  11:34  Zergling x2  
  25  11:38  Drone  
  27  11:45  Drone  
Tags
 
Add a new tag
Caveats
  • Supply blocks, unpowered buildings, or Contaminate may cause inaccurate times.
  • Supply counts are checked every 10 seconds.